 Dungeon Crawl Stone Soup version 0.27-a0-1324-ge0d8e047f6 (webtiles) character file.

Game seed: 16814946820418624248

817 Gwenloh the Cleaver (level 7, 0/57 HPs)
             Began as a Minotaur Fighter on June 23, 2021.
             Slain by fpsbossfight's ghost (4 damage)
             ... on level 4 of the Dungeon.
             The game lasted 00:08:50 (4268 turns).

Gwenloh the Cleaver (Minotaur Fighter)              Turns: 4268, Time: 00:08:50

Health: 0/57       AC:  8    Str: 19 (21) XL:     7   Next: 62%
Magic:  0/6        EV:  9    Int:  5      God:
Gold:   165        SH:  0    Dex: 11      Spells: 6/6 levels left

rFire    . . .     SeeInvis .   q - +5 quarterstaff "Eneging" {flame, rC+}
rCold    + . .     Faith    .   (shield currently unavailable)
rNeg     . . .     Spirit   +   b - +0 scale mail
rPois    .         Reflect  .   (helmet restricted)
rElec    .         Harm     .   (no cloak)
rCorr    .         Rampage  .   t - +0 pair of gloves
Will     .....                  (no boots)
Stlth    ..........             e - amulet of guardian spirit
HPRegen  0.19/turn              (no ring)
MPRegen  0.10/turn              (no ring)

@: silenced (expiring), attractive
A: horns 2, retaliatory headbutt
a: no special abilities


You were on level 4 of the Dungeon.
You visited 1 branch of the dungeon, and saw 5 of its levels.

You collected 165 gold pieces.

Inventory:

Hand Weapons
 a - a +0 war axe
 q - the +5 quarterstaff "Eneging" (weapon) {flame, rC+}
   (You found it on level 4 of the Dungeon)

   It has been specially enchanted to burn those struck by it, causing extra
   injury to most foes and up to half again as much damage against particularly
   susceptible opponents.
   It protects you from cold.
Missiles
 h - 5 javelins
 k - 2 throwing nets
 m - 96 stones (quivered)
 u - 17 bolts
 w - 22 sling bullets
Armour
 b - a +0 scale mail (worn)
 c - a +0 kite shield
 t - a +0 pair of gloves (worn)
Jewellery
 e - an amulet of guardian spirit (around neck)
 n - a ring of willpower
 r - a ring of ice
Wands
 s - a wand of paralysis (6)
Scrolls
 d - a scroll of silence
 f - 3 scrolls of identify {unknown}
 g - 4 scrolls of noise {unknown}
 l - 2 scrolls of teleportation {unknown}
 o - a scroll of acquirement {unknown}
 p - a scroll of fog {unknown}
 v - a scroll of summoning {unknown}
 x - a scroll of fear {unknown}
Potions
 i - 2 potions of degeneration
 j - 4 potions of attraction


   Skills:
 - Level 3.6 Fighting
 + Level 10.5 Axes
 - Level 3.6 Armour
 - Level 3.6 Shields


You had 6 spell levels left.
You didn't know any spells.
Your spell library contained the following spells:

 Spells                   Type           Power      Damage    Failure   Level
 Magic Dart               Conj           0%         1d3       83%         1
 Blink                    Tloc           N/A        N/A       93%         2
 Call Imp                 Summ           0%         N/A       93%         2
 Searing Ray              Conj           0%         3d3       93%         2
 Slow                     Hex            0%         N/A       93%         2
 Conjure Flame            Conj/Fire      0%         6-21      99%         3
 Dazzling Flash           Conj/Hex       0%         N/A       99%         3
 Mephitic Cloud           Conj/Pois/Air  0%         N/A       99%         3
 Fulminant Prism          Conj/Hex       0%         3d6       100%        4
 Iskenderun's Mystic Bla  Conj/Tloc      0%         2d3       100%        4


Dungeon Overview and Level Annotations

Branches:
Dungeon (5/15)
 Temple: D:4-7

Altars:
Qazlal
Trog

Shops:
D:1 (   D:5 [

Annotations:
D:4 Brandom's ghost, amateur DsDe; askman's ghost, amateur DsFi; fpsbossfight's ghost, amateur GrFi


Innate Abilities, Weirdness & Mutations

You have a pair of horns on your head.
You reflexively headbutt those who attack you in melee.


Message History

Qborf's ghost is severely damaged.
Qborf's ghost hits you but does no damage.
Qborf's ghost hits you.
* * * LOW HITPOINT WARNING * * *
You closely miss qborf's ghost. You headbutt qborf's ghost!
Qborf's ghost is almost destroyed.
Qborf's ghost hits you but does no damage.
You barely miss qborf's ghost. You headbutt qborf's ghost.
Qborf's ghost is almost destroyed.
Qborf's ghost hits you but does no damage.
You sock qborf's ghost! You burn qborf's ghost.
You destroy qborf's ghost!
You feel your intelligence returning.
You feel your dexterity returning.
Your Axes skill increases to level 10!
You hit the gnoll shaman. You burn the gnoll shaman.
You headbutt the gnoll shaman.
The gnoll shaman is heavily wounded.
The gnoll shaman closely misses you.
The gnoll shaman hits you but does no damage.
You sock the gnoll shaman! You burn the gnoll shaman.
You kill the gnoll shaman!
You closely miss the gnoll. The gnoll hits you but does no damage.
You thump the gnoll! You burn the gnoll.
You kill the gnoll!
Fpsbossfight's ghost barely misses you.
You hit fpsbossfight's ghost but do no damage.
Fpsbossfight's ghost is heavily damaged.
Fpsbossfight's ghost completely misses you.
You hit fpsbossfight's ghost. You burn fpsbossfight's ghost.
Fpsbossfight's ghost is heavily damaged.
Fpsbossfight's ghost hits you but does no damage.
You barely miss fpsbossfight's ghost.
Fpsbossfight's ghost is heavily damaged.
Fpsbossfight's ghost hits you.
* * * LOW HITPOINT WARNING * * *
You completely miss fpsbossfight's ghost.
You headbutt fpsbossfight's ghost, but do no damage.
Fpsbossfight's ghost is heavily damaged.
Fpsbossfight's ghost hits you.
You die...

#.#.# #..##### #.#
#.#.### #.##$.⌠.$###
#.#...#
###8.....8##########
#.###.######
#!.......$#........
##.###......#
#(.......(#........
............#
#8.......8#........
...###......#
#..W.....$#........
...# #......#
###W''####........
...# #......#
#@Wg..............
...# ########
###...............
####
#....[÷.........
#.....>.........
#...............
#...............
#...............
#...............
#...............


You could see Brandom's ghost, askman's ghost, fpsbossfight's ghost and a gnoll.

Vanquished Creatures
  The ghost of qborf the Digger, a novice GrEE (D:4)
  Sigmund (D:2)
  A black bear (D:4)
  A gnoll shaman (D:4)
  A hound (D:4)
  Jessica (D:2)
  2 iguanas
  An orc wizard (D:4)
  Ijyb (D:3)
  3 adders
  4 gnolls
  A worm (D:2)
  3 orcs
  4 bats
  7 endoplasms
  A giant cockroach (D:2)
  7 goblins
  4 hobgoblins
  15 jackals
  3 quokkas
  5 ball pythons
  A frilled lizard (D:1)
  6 kobolds
  4 rats
78 creatures vanquished.

Vanquished Creatures (others)
  2 withered plants (D:4)
2 creatures vanquished.

Grand Total: 80 creatures vanquished

Notes
Turn   | Place    | Note
-------+----------+-------------------------------------------
     0 | D:1      | Gwenloh the Minotaur Fighter began the quest for the Orb.
     0 | D:1      | Reached XP level 1. HP: 19/19 MP: 0/0
    78 | D:1      | Reached skill level 3 in Axes
   146 | D:1      | Reached XP level 2. HP: 14/26 MP: 1/1
   604 | D:1      | Reached skill level 4 in Axes
   686 | D:1      | Reached XP level 3. HP: 31/31 MP: 2/2
   734 | D:1      | Found Tiul Poe's Weapon Boutique.
  1083 | D:2      | Noticed Jessica
  1088 | D:2      | Killed Jessica
  1089 | D:2      | Reached skill level 5 in Axes
  1333 | D:2      | Reached XP level 4. HP: 39/39 MP: 3/3
  1565 | D:2      | Reached skill level 6 in Axes
  1818 | D:2      | Noticed Sigmund
  1833 | D:2      | Killed Sigmund
  1834 | D:2      | Reached skill level 7 in Axes
  1834 | D:2      | Reached XP level 5. HP: 29/45 MP: 4/4
  1834 | D:2      | Reached XP level 6. HP: 33/51 MP: 5/5
  1994 | D:2      | Found a bloodstained altar of Trog.
  2514 | D:3      | Noticed Ijyb
  2614 | D:4      | Identified the +5 quarterstaff "Eneging" {flame, rC+}
  2762 | D:3      | Paralysed by Ijyb for 7 turns
  2771 | D:3      | Killed Ijyb
  2772 | D:3      | Reached skill level 8 in Axes
  3002 | D:3      | Found a stormy altar of Qazlal.
  3506 | D:4      | Found a runed translucent gate.
  3508 | D:4      | Found a runed translucent gate.
  3510 | D:4      | Found a runed translucent gate.
  3512 | D:4      | Noticed Brandom's ghost (amateur DsDe)
  3512 | D:4      | Noticed fpsbossfight's ghost (amateur GrFi)
  3512 | D:4      | Noticed qborf's ghost (novice GrEE)
  3512 | D:4      | Noticed askman's ghost (amateur DsFi)
  3913 | D:5      | Entered Level 5 of the Dungeon
  4030 | D:4      | Reached skill level 9 in Axes
  4157 | D:5      | Found Qoimo's Armour Emporium.
  4157 | D:5      | Noticed an ice beast
  4162 | D:4      | Reached XP level 7. HP: 56/57 MP: 6/6
  4260 | D:4      | Killed qborf's ghost
  4261 | D:4      | Reached skill level 10 in Axes
  4268 | D:4      | Slain by fpsbossfight's ghost

Illustrated notes

Levels and vault maps discovered:
D:1:      kilobyte_arrival_exit_the_forest, layout_basic, serial_shops,
          nicolae_lakefront_shop
D:2:      layout_loops_corners, basic_altar, uniq_sigmund, uniq_jessica
D:3:      layout_basic, nicolae_qazlal_scattered_showers, grunt_decor_fettered,
          uniq_ijyb
D:4:      layout_basic, gammafunk_ghost_cemetery
D:5:      cheibrodos_thug_alley, layout_basic, yredelemnul_altar_generic,
          temple_pool_b, ebering_ghost_disaster_area, serial_shops,
          shop_fountains, kennysheep_generic_room_10

Skill      XL: |  1  2  3  4  5  6  7 |
---------------+----------------------+-----
Axes           | 3 4 5 7 9 10 | 10.5
Fighting       | |  3.6
Armour         | |  3.6
Shields        | |  3.6

Action                   |  1- 3 |  4- 6 |  7- 9 || total
-------------------------+-------+-------+-------++-------
Melee: War axe           |    77 |    64 |       ||   141
       Headbutt          |     7 |    10 |     8 ||    25
       Quarterstaff      |       |    39 |    20 ||    59
Throw: Javelin           |     3 |     1 |       ||     4
       Stone             |       |    26 |       ||    26
  Use: Potion            |       |     1 |     2 ||     3
       Scroll            |       |       |     1 ||     1
Armor: Scale mail        |    29 |    41 |    14 ||    84
Dodge: Dodged            |    19 |    29 |    11 ||    59
Block: Kite shield       |    45 |    32 |       ||    77

Table legend: (Time is in decaauts)
 A = Elapsed time spent in this place.
 B = Non-inter-level travel time spent in this place.
 C = Inter-level travel time spent in this place.
 D = Time resting spent in this place.
 E = Time spent auto-exploring this place.
 F = Levels seen in this place.
 G = Mean time per level.
                   A        B        C        D        E       F      G
               +--------+--------+--------+--------+--------+-----+--------+
         Total |   4377 |   4186 |    191 |    275 |   3209 |   5 |  875.4 |
       Dungeon |   4377 |   4186 |    191 |    275 |   3209 |   5 |  875.4 |
               +--------+--------+--------+--------+--------+-----+--------+

Top non-repeatable levels by time:
     D:2: 1368 daAuts
     D:4: 1111 daAuts
     D:1: 1079 daAuts
     D:3: 760 daAuts
     D:5: 56 daAuts
